Description

It's a "So stupid it works" kind of build

VOD

https://www.youtube.com/watch?v=q7ARJ1QMIrs

Replay - Dear v FanTaSy: Game 1 - 오토메이턴 - 래더

Build Order

Get SALT Encoding   

  12  0:00  SCV  
  13  0:12  SCV  
  14  0:18  Supply Depot  
  14  0:24  SCV  
  15  0:40  Barracks  proxied
  15  0:41  SCV  
  16  0:48  Refinery  
  16  0:53  SCV  
  17  0:57  Refinery  
  17  1:05  SCV  
  18  1:17  SCV  
  19  1:29  Orbital Command  
  19  1:34  Reaper  
  20  1:44  Factory  Preferably proxied
  20  1:55  SCV  
  20  1:57  Supply Depot  
  21  2:07  SCV  
  21  2:19  SCV  
  22  2:31  Starport  proxied
  22  2:35  Supply Depot, Hellion  
  26  2:56  Hellion  
  28  3:07  Medivac  
  30  3:14  Fusion Core  
  30  3:18  Hellion  
  32  3:22  Barracks x2  
  33  3:27  Supply Depot  
  30  4:02  Barracks Reactor  
  31  4:06  Starport Tech Lab  
  31  4:26  Bunker, Battlecruiser  
  37  4:31  Marine x2  
Spawning Tool Build Advisor. Get it on Overwolf

Go to:

Details

  • Created by: Lukebomber     
  • Published on: Mar 22, 2019
  • Patch: 4.7.1
Show
View Real Time Build Order
Export as new Build Order

Comments (2)

On May 9, 2019, 4:28 a.m., GuessWho65535  said:

It's just esthethically beautiful build! Loved it!

On April 25, 2019, 1:43 a.m., JayKay  said:

Love it, gonna try it out on ladder

Create an account to comment!